 Dungeon Crawl Stone Soup version 0.14-a0-1361-g0512ea0 (webtiles) character file.

75 PolkaDot the Vexing (level 3, -2/24 HPs)
             Began as a Vampire Enchanter on Dec 7, 2013.
             Slain by an adder (5 damage)
             ... on Level 2 of the Dungeon.
             The game lasted 00:04:28 (1151 turns).

PolkaDot the Vexing (Vampire Enchanter)             Turns: 1151, Time: 00:04:28

HP  -2/24        AC  3     Str  7      XL: 3   Next: 25%
MP   6/6         EV 12     Int 18      God:
Gold 37          SH  8     Dex 14      Spells:  2 memorised,  2 levels left

rFire  . . .     SeeInvis +     a - +1 dagger
rCold  . . .     Clarity  .     b - +1 robe
rNeg   . . .     Conserve .     g - +0 orc buckler
rPois  .         rCorr    .     (no helmet)
rElec  .         rRot     .     (no cloak)
SustAb . .       Spirit   .     (no gloves)
rMut   .         Warding  .     (no boots)
Saprov . . .     Stasis   .     (no amulet)
                                (no ring)
                                p - ring of see invisible {unknown}

@: regenerating quickly, slightly resistant to hostile enchantments, stealthy
A: fangs 3, see invisible, unbreathing
a: no special abilities


You were on level 2 of the Dungeon.
You were very full.

You visited 1 branch of the dungeon, and saw 2 of its levels.

You collected 37 gold pieces.

Inventory:

Hand weapons
 a - a +1,+1 dagger (weapon)
Missiles
 d - 12 darts (quivered)
Armour
 b - a +1 robe (worn)
 g - a +0 orcish buckler (worn)
Magical devices
 m - a wand of slowing (19)
Scrolls
 e - a scroll of immolation {unknown}
 f - a scroll of fog {unknown}
 h - 2 scrolls of identify
 l - a scroll of blinking {unknown}
 o - a scroll of enchant weapon I {unknown}
Jewellery
 p - a ring of see invisible (left hand) {unknown}
Potions
 i - 2 potions of speed
 j - a potion of agility {unknown}
 n - a potion of curing {unknown}
Books
 c - a book of Maledictions

   Spells                             Type                      Level
   *Corona                            Hexes                        1
   Sure Blade                         Hexes/Charms                 2
   Ensorcelled Hibernation            Hexes/Ice                    2
   *Confuse                           Hexes                        3
   Enslavement                        Hexes                        4
   Invisibility                       Hexes                        6
 k - a Necronomicon {highlevel}

   This book is beyond your current level of understanding.

   Spells                             Type                      Level
   Haunt                              Necromancy/Summoning         7
   Borgnjor's Revivification          Necromancy                   8
   Death's Door                       Charms/Necromancy            8
   Necromutation                      Transmutation/Necromancy     8


   Skills:
 - Level 1.7 Short Blades
 - Level 0.7 Throwing
 - Level 2.1 Dodging
 + Level 3.4 Stealth
 * Level 1.4 Shields
 - Level 2.0 Spellcasting
 + Level 5.1 Hexes


You had 2 spell levels left.
You knew the following spells:

 Your Spells              Type           Power        Failure   Level  Hunger
a - Corona                Hex            ###....      1%          1    #......
c - Confuse               Hex            ###.....     10%         3    ####...


Dungeon Overview and Level Annotations

Branches:
Dungeon (2/16)

Altars:
Cheibriados


Innate Abilities, Weirdness & Mutations

Your natural rate of healing is unusually fast.
You have razor-sharp teeth.*
You have supernaturally acute eyesight.
You can survive without breathing.*


Message History

You are too injured to fight recklessly!
You are too injured to fight recklessly!
You are too injured to fight recklessly!
You are too injured to fight recklessly!
You are too injured to fight recklessly!
You hit the adder.
The adder is heavily wounded.
The adder bites you.
* * * LOW HITPOINT WARNING * * *
You barely miss the adder.
The adder is heavily wounded.
The adder bites you.
* * * LOW HITPOINT WARNING * * *
You hit the adder.
The adder is severely wounded.
You block the adder's attack.
You miss the adder.
The adder is severely wounded.
The adder bites you.
You die...

#.. ... #####.#
...... #..... #....#
## #....# . #..S.#
.# ####...@####.#
..............#
...........#########
....................
...........#########
########.#.####...##
...................
#
##....#.#..........
...#
#.....#.#....#...##


You could see an adder.

Vanquished Creatures
  3 giant geckos
  An ooze (D:1)
  2 orcs (D:2)
  A ball python (D:1)
  8 bats
  2 goblins (D:1)
  5 hobgoblins
  5 kobolds
  4 rats
31 creatures vanquished.

Notes
Turn   | Place    | Note
--------------------------------------------------------------
     0 | D:1      | PolkaDot, the Vampire Enchanter, began the quest for the Orb.
     0 | D:1      | Reached XP level 1. HP: 13/13 MP: 3/3
   164 | D:1      | Reached XP level 2. HP: 19/19 MP: 4/4
   334 | D:1      | Reached skill level 1 in Shields
   498 | D:1      | Reached skill level 5 in Hexes
   875 | D:2      | Found a snail-covered altar of Cheibriados.
   880 | D:2      | Reached XP level 3. HP: 18/24 MP: 6/6
   979 | D:2      | Learned a level 3 spell: Confuse
  1151 | D:2      | Slain by an adder

Action                   || total
-------------------------++-------
Melee: Dagger            ||   139
  Use: Scroll            ||     4
       Potion            ||     1
 Stab: Sleeping          ||     3
